EL
JACKSONVILLE SUNS @ TULSA DRILLERS
08/22/2049
 
TOP OF THE 1ST
Jacksonville Suns batting - Pitching for Tulsa Drillers : RHP Alex Mora
Pitching: RHP Alex Mora
Batting: RHB Akira Suzuki 0-0: Called Strike
0-1: Foul Ball, location: 2F
0-2: Foul Ball, location: 2F
0-2: Ball
1-2: Strikes out looking
Batting: RHB Reomel Somera 0-0: Called Strike
0-1: Called Strike
0-2: Ball
1-2: SINGLE (Line Drive, 56D, EV 98.1 MPH)
Batting: RHB Jack Power Pickoff Throw to First - Out! 1-3 CS
0-0: Ball
1-0: Fly out, F7 (Flyball, 7D, EV 100.0 MPH)
Top of the 1st over - 0 runs, 1 hit, 0 errors, 0 left on base; Jacksonville 0 - Tulsa 0
BOTTOM OF THE 1ST
Tulsa Drillers batting - Pitching for Jacksonville Suns : RHP Pat Proctor
Pitching: RHP Pat Proctor
Batting: LHB Cory Bowler 0-0: Foul Ball, location: 2F
0-1: Called Strike
0-2: Ball
1-2: Ball
2-2: Ball
3-2: Foul Ball, location: 2F
3-2: Strikes out looking
Batting: SHB Guy Jerome 0-0: Ball
1-0: Ball
2-0: Called Strike
2-1: Fly out, F8 (Flyball, 8LM, EV 81.9 MPH)
Batting: SHB Ray Luna 0-0: Ground out 4-3 (Groundball, 4, EV 83.8 MPH)
Bottom of the 1st over - 0 runs, 0 hits, 0 errors, 0 left on base; Jacksonville 0 - Tulsa 0
TOP OF THE 2ND
Jacksonville Suns batting - Pitching for Tulsa Drillers : RHP Alex Mora
Batting: LHB Dong-u Chang 0-0: Ball
1-0: Ball
2-0: Called Strike
2-1: Foul Ball, location: 2F
2-2: Ball
3-2: Foul Ball, location: 2F
3-2: Foul Ball, location: 2F
3-2: Fly out, F4 (Popup, 4MS, EV 69.4 MPH)
Batting: RHB Torquato Obawole 0-0: Called Strike
0-1: Ball
1-1: Fly out, F7 (Flyball, 7, EV 91.2 MPH)
Batting: LHB Matt McKeon 0-0: Ball
1-0: Ball
2-0: Foul Ball, location: 2F
2-1: SINGLE (Line Drive, 4, EV 99.4 MPH)
Batting: RHB Len Graham 0-0: Foul Ball, location: 2F
0-1: Called Strike
0-2: Ball
1-2: Ball
2-2: Strikes out swinging
Top of the 2nd over - 0 runs, 1 hit, 0 errors, 1 left on base; Jacksonville 0 - Tulsa 0
BOTTOM OF THE 2ND
Tulsa Drillers batting - Pitching for Jacksonville Suns : RHP Pat Proctor
Batting: RHB Jonathan Sotelo 0-0: Ground out 4-3 (Groundball, 4, EV 86.9 MPH)
Batting: RHB Jerry Blas 0-0: Ball
1-0: Swinging Strike
1-1: Ball
2-1: Called Strike
2-2: Strikes out swinging
Batting: RHB Perry Dominey 0-0: Ball
1-0: Swinging Strike
1-1: Ball
2-1: Foul Ball, location: 2F
2-2: Foul Ball, location: 2F
2-2: Ball
3-2: Strikes out swinging
Bottom of the 2nd over - 0 runs, 0 hits, 0 errors, 0 left on base; Jacksonville 0 - Tulsa 0
TOP OF THE 3RD
Jacksonville Suns batting - Pitching for Tulsa Drillers : RHP Alex Mora
Batting: LHB Orlando Rivera 0-0: Ball
1-0: Called Strike
1-1: Foul Ball, location: 2F
1-2: Strikes out looking
Batting: RHB Larry LeFever 0-0: Ball
1-0: Ball
2-0: Called Strike
2-1: Called Strike
2-2: Strikes out looking
Batting: RHB Akira Suzuki 0-0: Ground out 6-3 (Groundball, 6, EV 82.5 MPH)
Top of the 3rd over - 0 runs, 0 hits, 0 errors, 0 left on base; Jacksonville 0 - Tulsa 0
BOTTOM OF THE 3RD
Tulsa Drillers batting - Pitching for Jacksonville Suns : RHP Pat Proctor
Batting: RHB Bob Magana 0-0: Called Strike
0-1: Ball
1-1: Ball
2-1: Fly out, F8 (Flyball, 8RS, EV 86.2 MPH)
Batting: LHB Joe Phillips 0-0: Foul Ball, location: 2F
0-1: Ball
1-1: Ball
2-1: Called Strike
2-2: Foul Ball, location: 2F
2-2: Strikes out swinging
Batting: RHB Justin Van Houten 0-0: Ball
1-0: Called Strike
1-1: Called Strike
1-2: Strikes out swinging
Bottom of the 3rd over - 0 runs, 0 hits, 0 errors, 0 left on base; Jacksonville 0 - Tulsa 0
TOP OF THE 4TH
Jacksonville Suns batting - Pitching for Tulsa Drillers : RHP Alex Mora
Batting: RHB Reomel Somera 0-0: Ball
1-0: Swinging Strike
1-1: Fly out, F8 (Flyball, 8LM, EV 81.2 MPH)
Batting: RHB Jack Power 0-0: Swinging Strike
0-1: Ball
1-1: Ball
2-1: Called Strike
2-2: Strikes out looking
Batting: LHB Dong-u Chang 0-0: Ball
1-0: Foul Ball, location: 2F
1-1: Ground out U3 (Groundball, 3, EV 101.9 MPH)
Top of the 4th over - 0 runs, 0 hits, 0 errors, 0 left on base; Jacksonville 0 - Tulsa 0
BOTTOM OF THE 4TH
Tulsa Drillers batting - Pitching for Jacksonville Suns : RHP Pat Proctor
Batting: LHB Cory Bowler 0-0: Ball
1-0: Ball
2-0: Called Strike
2-1: Ground out 6-3 (Groundball, 6, EV 88.1 MPH)
Batting: SHB Guy Jerome 0-0: Ball
1-0: Called Strike
1-1: Foul Ball, location: 2F
1-2: Ball
2-2: Ball
3-2: Strikes out looking
Batting: SHB Ray Luna 0-0: Ball
1-0: Ball
2-0: Ball
3-0: Called Strike
3-1: SINGLE (Groundball, 56D, EV 101.2 MPH)
Batting: RHB Jonathan Sotelo 0-0: Called Strike
0-1: Fly out, F7 (Flyball, 7LMF, EV 88.8 MPH)
Bottom of the 4th over - 0 runs, 1 hit, 0 errors, 1 left on base; Jacksonville 0 - Tulsa 0
TOP OF THE 5TH
Jacksonville Suns batting - Pitching for Tulsa Drillers : RHP Alex Mora
Batting: RHB Torquato Obawole 0-0: Called Strike
0-1: Ball
1-1: Ball
2-1: SINGLE (Groundball, 34D, EV 101.9 MPH)
Batting: LHB Matt McKeon 0-0: Ball
1-0: Ball
2-0: Ball
3-0: Called Strike
3-1: Foul Ball, location: 2F
3-2: Strikes out swinging
Torquato Obawole steals 2nd, throwing error, E2
Torquato Obawole to third
Batting: RHB Len Graham 0-0: Ball
1-0: DOUBLE (Line Drive, 9LM, EV 97.5 MPH)
Torquato Obawole scores
Batting: LHB Orlando Rivera 0-0: Foul Ball, location: 2F
0-1: Called Strike
0-2: Strikes out looking
Batting: RHB Larry LeFever 0-0: Called Strike
0-1: Fly out, F3 (Line Drive, 3L, EV 70.0 MPH)
Top of the 5th over - 1 run, 2 hits, 1 error, 1 left on base; Jacksonville 1 - Tulsa 0
BOTTOM OF THE 5TH
Tulsa Drillers batting - Pitching for Jacksonville Suns : RHP Pat Proctor
Batting: RHB Jerry Blas 0-0: Foul Ball, location: 2F
0-1: Ball
1-1: Ground out 5-3 (Groundball, 56, EV 85.6 MPH)
Batting: RHB Perry Dominey 0-0: Swinging Strike
0-1: Ball
1-1: Ball
2-1: Called Strike
2-2: Foul Ball, location: 2F
2-2: Fly out, F9 (Flyball, 89S, EV 83.8 MPH)
Batting: RHB Bob Magana 0-0: Swinging Strike
0-1: Foul Ball, location: 2F
0-2: Foul Ball, location: 2F
0-2: Strikes out swinging
Bottom of the 5th over - 0 runs, 0 hits, 0 errors, 0 left on base; Jacksonville 1 - Tulsa 0
TOP OF THE 6TH
Jacksonville Suns batting - Pitching for Tulsa Drillers : RHP Alex Mora
Batting: RHB Akira Suzuki 0-0: Ball
1-0: Ball
2-0: Ball
3-0: Called Strike
3-1: Foul Ball, location: 2F
3-2: Ground out 4-3 (Groundball, 4MS, EV 90.6 MPH)
Batting: RHB Reomel Somera 0-0: SINGLE (Groundball, 56S, EV 73.1 MPH) (infield hit)
Batting: RHB Jack Power 0-0: Called Strike
0-1: Foul Ball, location: 2F
0-2: Ball
1-2: Strikes out swinging
Batting: LHB Dong-u Chang 0-0: Foul Ball, location: 2F
0-1: Ball
1-1: Ball
2-1: Fly out, F3 (Popup, 3SF, EV 82.5 MPH)
Top of the 6th over - 0 runs, 1 hit, 0 errors, 1 left on base; Jacksonville 1 - Tulsa 0
BOTTOM OF THE 6TH
Tulsa Drillers batting - Pitching for Jacksonville Suns : RHP Pat Proctor
Batting: LHB Joe Phillips 0-0: Fly out, F8 (Flyball, 8RM, EV 91.9 MPH)
Batting: RHB Justin Van Houten 0-0: Fly out, F9 (Flyball, 9S, EV 95.6 MPH)
Batting: LHB Cory Bowler 0-0: Called Strike
0-1: Ball
1-1: Ball
2-1: Swinging Strike
2-2: Strikes out swinging
Bottom of the 6th over - 0 runs, 0 hits, 0 errors, 0 left on base; Jacksonville 1 - Tulsa 0
TOP OF THE 7TH
Jacksonville Suns batting - Pitching for Tulsa Drillers : RHP Alex Mora
Batting: RHB Torquato Obawole 0-0: Ball
1-0: Ball
2-0: Ball
3-0: Base on Balls
Batting: LHB Matt McKeon 0-0: Foul Ball, location: 2F
0-1: Ball
1-1: Foul Ball, location: 2F
1-2: Fielders Choice at 2nd, 5-4 (Groundball, 5, EV 85.6 MPH)
Batting: RHB Len Graham 0-0: Ball
Matt McKeon steals 2nd base
1-0: Ball
2-0: Ball
3-0: Called Strike
3-1: Ground out 6-3 (Groundball, 6, EV 92.5 MPH)
Matt McKeon to third
Batting: LHB Orlando Rivera 0-0: Ball
1-0: Ball
2-0: Swinging Strike
2-1: Swinging Strike
2-2: Strikes out swinging
Top of the 7th over - 0 runs, 0 hits, 0 errors, 1 left on base; Jacksonville 1 - Tulsa 0
BOTTOM OF THE 7TH
Tulsa Drillers batting - Pitching for Jacksonville Suns : RHP Pat Proctor
Batting: SHB Guy Jerome 0-0: Ball
1-0: Ground out 1-3 (Groundball, 25, EV 71.9 MPH)
Batting: SHB Ray Luna 0-0: Ball
1-0: Ball
2-0: Ball
3-0: Base on Balls
Batting: RHB Jonathan Sotelo 0-0: Called Strike
0-1: Swinging Strike
0-2: Ball
1-2: Strikes out looking
Pitching: LHP Will Sledge
Batting: RHB Jerry Blas 0-0: Ball
1-0: Called Strike
Ray Luna is caught stealing 2nd base 2-4
Bottom of the 7th over - 0 runs, 0 hits, 0 errors, 0 left on base; Jacksonville 1 - Tulsa 0
TOP OF THE 8TH
Jacksonville Suns batting - Pitching for Tulsa Drillers : RHP Alex Mora
Batting: RHB Larry LeFever 0-0: Swinging Strike
0-1: Ball
1-1: Foul Ball, location: 2F
1-2: Ball
2-2: Ball
3-2: Foul Ball, location: 2F
3-2: SOLO HOME RUN (Line Drive, 78XD, EV 99.4 MPH), Distance : 384 ft
Pitching: RHP Jose Tavira
Batting: RHB Akira Suzuki 0-0: Ball
1-0: Ball
2-0: Called Strike
2-1: Swinging Strike
2-2: Ball
3-2: SINGLE (Groundball, 4MD, EV 110.0 MPH)
Batting: RHB Reomel Somera 0-0: Called Strike
0-1: DOUBLE (Line Drive, 78D, EV 108.1 MPH)
Akira Suzuki to third
Runner from 3rd tries for Home, SAFE, throw by CF to home
Batting: RHB Jack Power 0-0: Foul Ball, location: 2F
0-1: Foul Ball, location: 2F
0-2: Foul Ball, location: 2F
0-2: Ball
1-2: Foul Ball, location: 2F
1-2: Strikes out swinging
Batting: LHB Dong-u Chang 0-0: Swinging Strike
0-1: SINGLE (Groundball, 6MD, EV 96.2 MPH)
Reomel Somera to third
Batting: RHB Torquato Obawole 0-0: Ball
1-0: Called Strike
1-1: Swinging Strike
1-2: Strikes out swinging
Batting: LHB Matt McKeon 0-0: Ball
1-0: Called Strike
1-1: Foul Ball, location: 2F
1-2: Ball
2-2: Ball
3-2: DOUBLE (Line Drive, 5D, EV 105.6 MPH)
Reomel Somera scores
Dong-u Chang to third
Dong-u Chang scores
Pitching: RHP Cody Calderon
Batting: RHB Len Graham 0-0: Swinging Strike
0-1: Called Strike
0-2: Strikes out swinging
Top of the 8th over - 4 runs, 5 hits, 0 errors, 1 left on base; Jacksonville 5 - Tulsa 0
BOTTOM OF THE 8TH
Tulsa Drillers batting - Pitching for Jacksonville Suns : LHP Will Sledge
Batting: RHB Jerry Blas 0-0: Foul Ball, location: 2F
0-1: Ball
1-1: Swinging Strike
1-2: Strikes out swinging, 2-3 out at first.
Batting: RHB Perry Dominey 0-0: Foul Ball, location: 2F
0-1: Ground out 1-3 (Groundball, P, EV 71.2 MPH)
Batting: RHB Bob Magana 0-0: Fly out, F9 (Flyball, 9, EV 88.1 MPH)
Bottom of the 8th over - 0 runs, 0 hits, 0 errors, 0 left on base; Jacksonville 5 - Tulsa 0
TOP OF THE 9TH
Jacksonville Suns batting - Pitching for Tulsa Drillers : RHP Cody Calderon
Batting: LHB Orlando Rivera 0-0: Ball
1-0: Called Strike
1-1: Foul Ball, location: 2F
1-2: Foul Ball, location: 2F
1-2: Ball
2-2: Ground out 1-3 (Groundball, 13, EV 74.4 MPH)
Batting: RHB Larry LeFever 0-0: Foul Ball, location: 2F
0-1: Swinging Strike
0-2: Ball
1-2: Strikes out swinging
Batting: RHB Akira Suzuki 0-0: Ball
1-0: Called Strike
1-1: Ball
2-1: Called Strike
2-2: Ground out 5-3 (Groundball, 5S, EV 80.0 MPH)
Top of the 9th over - 0 runs, 0 hits, 0 errors, 0 left on base; Jacksonville 5 - Tulsa 0
BOTTOM OF THE 9TH
Tulsa Drillers batting - Pitching for Jacksonville Suns : LHP Will Sledge
Batting: LHB Joe Phillips 0-0: Ball
1-0: Foul Ball, location: 2F
1-1: Reached on error, E6 (Groundball, 6D, EV 85.0 MPH)
Batting: RHB Justin Van Houten 0-0: Ball
1-0: Foul Ball, location: 2F
1-1: Ball
2-1: Called Strike
2-2: Foul Ball, location: 2F
2-2: Foul Ball, location: 2F
2-2: Fly out, F9 (Line Drive, 89M, EV 91.9 MPH)
Batting: LHB Cory Bowler 0-0: Called Strike
0-1: Foul Ball, location: 2F
0-2: Strikes out swinging
Batting: SHB Guy Jerome 0-0: Called Strike
0-1: Swinging Strike
0-2: Strikes out looking
Bottom of the 9th over - 0 runs, 0 hits, 1 error, 1 left on base; Jacksonville 5 - Tulsa 0
Sunday, July 16th , 2023 - OOTP Baseball 24.6 Build 69